 Dungeon Crawl Stone Soup version 0.28.0-43-g3370ac3207 (webtiles) character file.

Game seed: 6465035909479212386

859 pkoi the Conjurer (level 7, -6/50 HPs)
             Began as a Black Draconian Conjurer on Mar 2, 2022.
             Killed from afar by an orc wizard (11 damage)
             ... with a puff of flame
             ... on level 5 of the Dungeon.
             The game lasted 00:07:02 (7659 turns).

pkoi the Conjurer (Black Draconian Conjurer)        Turns: 7659, Time: 00:07:02

Health: -6/50      AC:  7    Str: 10    XL:     7   Next: 71%
Magic:  8/12       EV: 12    Int: 20    God:
Gold:   118        SH:  0    Dex:  9    Spells: 3/13 levels left

rFire   . . .      SeeInvis .   l - +2 dagger (speed)
rCold   . . .      Faith    .   (no shield)
rNeg    . . .      Spirit   .   (armour unavailable)
rPois   .          Reflect  .   (helmet restricted)
rElec   +          Harm     .   (no cloak)
rCorr   .          Rampage  .   (no gloves)
Will    .....                   f - +0 pair of boots
Stlth   ++........              (no amulet)
HPRegen 0.16/turn               (no ring)
MPRegen 0.13/turn               (no ring)

@: lethally poisoned (-6 -> -17), very slightly contaminated, invisible
A: breathe lightning, AC +6, unfitting armour, electricity resistance,
cold-blooded
a: Breathe Lightning


You were on level 5 of the Dungeon.
You visited 1 branch of the dungeon, and saw 6 of its levels.

You collected 193 gold pieces.
You spent 75 gold pieces at shops.

Inventory:

Hand Weapons
 a - a +0 short sword
 l - a +2 dagger of speed (weapon)
Missiles
 j - 2 throwing nets
Armour
 f - a +0 pair of boots (worn)
Scrolls
 c - 4 scrolls of teleportation
 d - a scroll of fog
 g - 2 scrolls of blinking
 n - 3 scrolls of identify {unknown}
Potions
 b - a potion of cancellation {unknown}
 e - a potion of brilliance {unknown}
 h - a potion of flight {unknown}
 i - 2 potions of heal wounds
 k - a potion of magic {unknown}
 m - a potion of invisibility
 o - 2 potions of attraction {unknown}


   Skills:
 - Level 1.7 Dodging
 - Level 1.7 Stealth
 + Level 3.5 Spellcasting
 * Level 7.0 Conjurations
 * Level 4.0 Hexes
 * Level 2.9 Translocations


You had 3 spell levels left.
You knew the following spells:

 Your Spells              Type           Power      Damage    Failure   Level
a - Magic Dart            Conj           100%       1d8       1%          1
b - Searing Ray           Conj           62%        2d6       1%          2
c - Dazzling Flash        Conj/Hex       50%        N/A       4%          3
d - Iskenderun's Mystic   Conj/Tloc      23%        2d6       17%         4

Your spell library contained the following spells:

 Spells                   Type           Power      Damage    Failure   Level
 Confusing Touch          Hex            19%        N/A       8%          3
 Animate Skeleton         Necr           6%         N/A       14%         1
 Pain                     Necr           12%        1d4       14%         1
 Corpse Rot               Necr/Air       6%         N/A       21%         2
 Sublimation of Blood     Necr           3%         N/A       21%         2
 Vampiric Draining        Necr           3%         2d6       38%         3
 Fulminant Prism          Conj/Hex       12%        3d9       14%         4
 Hailstorm                Conj/Ice       17%        3d6       32%         4
 Irradiate                Conj/Tmut      8%         3d16      65%         5
 Ice Form                 Ice/Tmut       3%         N/A       80%         4
 Yara's Violent Unravell  Hex/Tmut       5%         3d4       86%         5
 Agony                    Necr           3%         N/A       98%         5
 Blade Hands              Tmut           1%         N/A       98%         5
 Simulacrum               Ice/Necr       1%         N/A       100%        6
 Dragon Form              Tmut           1%         N/A       100%        7
 Enfeeble                 Hex            9%         N/A       100%        7


Dungeon Overview and Level Annotations

Branches:
Dungeon (6/15)
 Temple: D:4-7

Altars:
Trog

Shops:
D:2 =?*:   D:4 ?


Innate Abilities, Weirdness & Mutations

You can breathe wild blasts of lightning.
Your glossy black scales are hard. (AC +6)
You cannot fit into any form of body armour.
You are resistant to electric shocks. (rElec)
You are cold-blooded and may be slowed by cold attacks.


Message History

Okay, then.
Unknown command.
Casting: Searing Ray (safe; 1% risk of failure)
Confirm with . or Enter, or press ? or * to list all spells.
Aiming: Searing Ray (safe; 1% risk of failure)
Press: ? - help, Shift-Dir - straight line, f/p - scorpion
Aim: a scorpion (moderately wounded, 79% to hit)
The searing ray hits the scorpion.
The scorpion is moderately wounded. (Press . to maintain the ray.)
You feel very sick.
The orc priest mumbles some strange prayers to Beogh against you.
Beogh smites you!
* * * LOW HITPOINT WARNING * * *
The orc wizard mumbles some strange words.
The orc wizard flickers and vanishes!
Deactivating autopickup; reactivate with Ctrl-A.
The scorpion stings you.
* * * LOW HITPOINT WARNING * * *
You are more poisoned.
The scorpion poisons you!
The orc priest mumbles some strange prayers to Beogh against you.
Beogh smites you!
* * * LOW HITPOINT WARNING * * *
Okay, then.
It was a potion of heal wounds.
You feel much better.
* * * LOW HITPOINT WARNING * * *
You feel very sick. The scorpion misses you. The scorpion stings you.
* * * LOW HITPOINT WARNING * * *
It was a potion of invisibility.
You fade into invisibility!
* * * LOW HITPOINT WARNING * * *
You feel very sick. The scorpion closely misses you.
* * * LOW HITPOINT WARNING * * *
You feel very sick.
The orc wizard gestures at the scorpion while chanting.
The puff of flame misses the scorpion.
The puff of flame hits you!
You die...

#..... #.###. #.#<#. # #.#.#.
..### ###.#... ..... #...####
..... #.######
###......o################.......
.('......o'.oo.s@....)...>.....##
###.......###########.########.#
# ..... ###.### #.# # .....
#.....# #.## # ..o.. #.....# #...
# oo .. #.....# #### . .
#####.....# #...).....# #######
#.........#


You could see a scorpion, 2 orc priests, an orc wizard and an orc.

Vanquished Creatures
  A black bear (D:4)
  An ogre (D:5)
  A necrophage (D:5)
  A phantom (D:5)
  A scorpion (D:4)
  A water moccasin zombie (D:5)
  A hound (D:4)
  An iguana (D:5)
  A centaur skeleton (D:4)
  2 orc priests
  An orc wizard (D:5)
  5 gnolls
  9 adders
  A shadow imp (D:5)
  2 worms
  4 dart slugs
  9 orcs
  6 endoplasms
  A giant cockroach (D:1)
  6 goblins
  5 hobgoblins
  5 quokkas
  7 ball pythons
  6 bats
  5 frilled lizards
  9 kobolds
  7 rats
99 creatures vanquished.

Notes
Turn   | Place    | Note
-------+----------+-------------------------------------------
     0 | D:1      | pkoi the Draconian Conjurer began the quest for the Orb.
     0 | D:1      | Reached XP level 1. HP: 14/14 MP: 3/3
   404 | D:1      | Reached XP level 2. HP: 15/20 MP: 0/5
   864 | D:1      | Reached skill level 5 in Conjurations
  1273 | D:1      | Reached XP level 3. HP: 26/26 MP: 2/6
  1706 | D:1      | Learned a level 2 spell: Searing Ray
  2243 | D:2      | Learned a level 3 spell: Dazzling Flash
  2492 | D:2      | Reached XP level 4. HP: 33/33 MP: 2/7
  2683 | D:2      | Found Koyjy's Assorted Antiques.
  2688 | D:2      | Found Jathriuqe's Jewellery Shop.
  2694 | D:2      | Found Wigiullu's Magic Scroll Emporium.
  2766 | D:2      | Got the Grimoire of Unholy Rites
  2886 | D:2      | Found Xeessaj's Book Shop.
  2933 | D:2      | Reached skill level 1 in Hexes
  3973 | D:3      | Noticed a golden eye
  3975 | D:3      | Found a faded altar of an unknown god.
  3978 | D:3      | Noticed a great orb of eyes
  3978 | D:3      | Noticed a golden eye
  3978 | D:3      | Noticed an eye of devastation
  4276 | D:3      | Reached XP level 5. HP: 38/38 MP: 5/8
  4616 | D:4      | Found Hughukaarch's Magic Scroll Shoppe.
  4623 | D:4      | Bought a scroll of blinking for 75 gold pieces
  4688 | D:4      | Reached skill level 6 in Conjurations
  5078 | D:4      | Noticed a black bear
  5540 | D:4      | You fall into a shaft and drop 2 floors!
  5555 | D:5      | Entered Level 5 of the Dungeon
  5667 | D:5      | Reached XP level 6. HP: 45/45 MP: 5/10
  5888 | D:5      | Learned a level 4 spell: Iskenderun's Mystic Blast
  5949 | D:5      | Reached skill level 1 in Translocations
  6186 | D:5      | Your scales start taking on a glossy black colour.
  6186 | D:5      | Reached XP level 7. HP: 13/50 MP: 1/11
  6186 | D:5      | Gained mutation: You are resistant to electric shocks.
                  | (rElec) [Black Draconian growth]
  7078 | D:4      | Reached skill level 7 in Conjurations
  7137 | D:4      | Found a bloodstained altar of Trog.
  7656 | D:5      | HP: 1/50 [orc priest/divine providence (9)]
  7659 | D:5      | Killed from afar by an orc wizard

Illustrated notes

Levels and vault maps discovered:
D:1:      lightli_arrival_statue_moat, layout_basic, minmay_cupped
D:2:      layout_loops_ring, serial_shops, shop, shop, shop, shop_fountains,
          st_stairs_7, hangedman_decor_clover_reticule,
          kennysheep_generic_room_9
D:3:      layout_loops_ring, hellmonk_ecumenical_altar_watching_god
D:4:      layout_basic, mainiacjoe_overflow_alcove_2, serial_shops, shop_scrolls
D:5:      layout_basic
D:6:      layout_loops_cross

Skill      XL: |  1  2  3  4  5  6  7 |
---------------+----------------------+-----
Conjurations   | 5 6 7 |  7.0
Hexes          | 1 2 3 4 |  4.0
Spellcasting   | 3 |  3.5
Translocations | 1 2 |  2.9
Dodging        | |  1.7
Stealth        | |  1.7

Action                   |  1- 3 |  4- 6 |  7- 9 || total
-------------------------+-------+-------+-------++-------
Melee: Unarmed           |    10 |       |       ||    10
       Short sword       |    16 |     4 |       ||    20
       Tailslap          |     1 |     2 |     2 ||     5
       Dagger            |       |    10 |     7 ||    17
 Cast: Magic Dart        |    84 |    99 |    44 ||   227
       Searing Ray       |       |     6 |     2 ||     8
  Use: Scroll            |     4 |     1 |       ||     5
       Potion            |       |       |     2 ||     2
Armor: Skin              |    10 |    14 |     4 ||    28
Dodge: Dodged            |    22 |    19 |    10 ||    51
